 Dungeon Crawl Stone Soup version 0.29.1-15-g9cfb28693d (webtiles) character file.

Game seed: 16994241867960424083

46 DemonSlayer the Digger (level 3, -4/24 HPs)
             Began as a Demonspawn Earth Elementalist on Feb 24, 2023.
             Slain by an orc wizard
             ... wielding a +2 dagger of electrocution
              (20 damage)
             ... on level 3 of the Dungeon.
             The game lasted 00:03:37 (1780 turns).

DemonSlayer the Digger (DsEE)                       Turns: 1780, Time: 00:03:38

Health: -4/24      AC:  7    Str: 10    XL:     3   Next: 44%
Magic:  5/6        EV: 11    Int: 16    God:
Gold:   140        SH:  0    Dex: 13    Spells: 2/6 levels left

rFire   . . .      SeeInvis .   h - +0 dagger
rCold   + + .      Faith    .   (no shield)
rNeg    . . .      Spirit   .   k - +3 leather armour {rC+}
rPois   .          Reflect  .   a - +0 helmet
rElec   .          Harm     .   (no cloak)
rCorr   .          Rampage  .   (no gloves)
Will    .....                   (no boots)
Stlth   +.........              (no amulet)
HPRegen 0.08/turn               d - ring of protection from cold
MPRegen 0.10/turn               (no ring)

@: confused, brilliant
A: weakness stinger 1
a: no special abilities


You were on level 3 of the Dungeon.
You visited 1 branch of the dungeon, and saw 3 of its levels.

You collected 140 gold pieces.

Inventory:

Hand Weapons
 h - a +0 dagger (weapon)
Armour
 a - a +0 helmet (worn)
 k - a +3 leather armour of cold resistance (worn)
Jewellery
 d - a ring of protection from cold (left hand)
 m - a +6 ring of intelligence
Scrolls
 c - a scroll of teleportation {unknown}
 f - a scroll of vulnerability {unknown}
 i - 2 scrolls of amnesia {unknown}
 j - 3 scrolls of identify {unknown}
 l - a scroll of enchant armour {unknown}
Potions
 b - a potion of magic
 e - a potion of curing


   Skills:
 + Level 0.1 Fighting
 + Level 2.2 Dodging
 + Level 1.9 Stealth
 + Level 2.4 Spellcasting
 + Level 0.8 Transmutations
 + Level 3.4 Earth Magic


You had 2 spell levels left.
You knew the following spells:

 Your Spells              Type           Power      Damage    Failure   Level
a - Sandblast             Erth           38%        2d10      7%          1
b - Stone Arrow           Conj/Erth      22%        3d8       38%         3

Your spell library contained the following spells:

 Spells                   Type           Power      Damage    Failure   Level
 Passwall                 Tmut/Erth      10%        N/A       17%         2
 Petrify                  Tmut/Erth      13%        N/A       73%         4


Dungeon Overview and Level Annotations

Branches:
Dungeon (3/15)

Altars:

Shops:
D:1 [

Annotations:
D:2 1 runed translucent door, Crazy Yiuf, Terence


Innate Abilities, Weirdness & Mutations

You have a small tail.


Message History

j - 3 scrolls labelled BEF KUIMAITWIY (gained 1)
An orc comes into view. It is wielding a +0 hand axe.
An orc is nearby!
An orc is nearby!
An orc is nearby!
An orc is nearby!
An orc wizard comes into view.
It is wielding a +2 dagger of electrocution.
An orc wizard comes into view. It is wielding a +0 dagger.
The orc wizard shouts! x2
The orc wizard casts a spell.
The orc wizard flickers and vanishes!
Deactivating autopickup; reactivate with Ctrl-A.
An orc comes into view. It is wielding a +0 hand axe.
The orc shouts! x2
An orc wizard comes into view. It is wielding a +0 dagger.
The blast of sand hits the orc wizard!
The orc wizard is heavily wounded.
The orc wizard casts a spell at you.
You are confused.
The orc wizard gestures wildly while chanting.
The orc wizard flickers and vanishes!
You're too confused to cast spells.
Unknown command.
It was a potion of curing.
You feel better.
You hear some strange, mumbled words.
Something hits you.
You hit the orc but do no damage.
You tail-slap the orc, but do no damage.
The orc closely misses you.
The orc wizard points at you and mumbles some strange words.
You are confused.
The orc closely misses you. Something hits you.
You're too confused to cast spells.
You are too confused!
It was a potion of brilliance.
You feel clever all of a sudden. The orc hits you with a +0 hand axe.
Something hits you but does no damage.
You are electrocuted!!
Ouch! That really hurt!
You die...

#### ####...
#.....#####
.......... ..o......
############o.......
#...........@{......
#...........#o......
#.................##
#.................#
#######..........^#
#...........#
#...........#
#...........#
#...........#


You could see an orc wizard and 2 orcs.

Vanquished Creatures
  An adder (D:2)
  2 dart slugs
  A ball python (D:3)
  6 endoplasms
  A giant cockroach (D:3)
  2 goblins (D:1)
  6 hobgoblins
  2 quokkas (D:2)
  A bat (D:2)
  2 frilled lizards
  3 kobolds (D:1)
  A rat (D:2)
28 creatures vanquished.

Vanquished Creatures (others)
  2 toadstools (D:1)
2 creatures vanquished.

Grand Total: 30 creatures vanquished

Notes
Turn   | Place    | Note
-------+----------+-------------------------------------------
     0 | D:1      | DemonSlayer the Demonspawn Earth Elementalist began the
                  | quest for the Orb.
     0 | D:1      | Reached XP level 1. HP: 13/13 MP: 3/3
    94 | D:1      | Reached skill level 3 in Earth Magic
   120 | D:1      | You fall into a shaft and drop 1 floor!
   151 | D:2      | Gained mutation: You have a small tail. [demonic ancestry]
   151 | D:2      | Reached XP level 2. HP: 16/19 MP: 0/5
   353 | D:2      | Noticed a floating eye
   365 | D:2      | Found a faded altar of an unknown god.
   366 | D:2      | Noticed a shining eye
   366 | D:2      | Noticed a great orb of eyes
   366 | D:2      | Noticed an eye of devastation
   446 | D:2      | Found a runed translucent door.
   447 | D:2      | Noticed Crazy Yiuf
   570 | D:2      | Noticed Terence
   759 | D:1      | Reached XP level 3. HP: 24/24 MP: 4/6
   820 | D:1      | Found Lakhledi's Antique Armour Shoppe.
  1169 | D:1      | Learned a level 3 spell: Stone Arrow
  1780 | D:3      | Slain by an orc wizard

Illustrated notes

Levels and vault maps discovered:
D:1:      minmay_arrival_pointy, layout_rooms, serial_aquarium,
          aquarium_bridge_square [aquarium_subvault_wall,
          aquarium_subvault_bridge, aquarium_subvault_bridge,
          aquarium_subvault_wall], aquarium_bridge_island_small
          [aquarium_subvault_small_open, aquarium_subvault_bridge,
          aquarium_subvault_window, aquarium_subvault_wall,
          aquarium_subvault_wall], aquarium_window_fake, aquarium_window_1,
          aquarium_window_fake, aquarium_view_2c, aquarium_pool_1, serial_shops,
          shop_fountains, minmay_gold_behind_fungi,
          chequers_serial_rivers_large_a
D:2:      layout_loops_ring, hellmonk_ecumenical_altar_watching_god,
          corexii_hall_statues_x, uniq_terence, uniq_crazy_yiuf_cottage
D:3:      layout_basic, chequers_temple_overflow_minitemple, serial_shops, shop,
          uniq_natasha

Skill      XL: |  1  2 |
---------------+-------+-----
Earth Magic    | 3 |  3.4
Dodging        | 2 |  2.2
Fighting       | |  0.1
Stealth        | |  1.9
Spellcasting   | |  2.4
Transmutations | |  0.8

Action                   || total
-------------------------++-------
Melee: Unarmed           ||     7
       Dagger            ||     7
       Tailslap          ||     2
 Cast: Sandblast         ||    32
  Use: Potion            ||     2
 Stab: Sleeping          ||     3
Armor: Leather armour    ||     6
Dodge: Dodged            ||     8
